 Dungeon Crawl Stone Soup version 0.19-a0-1861-g35def1e (webtiles) character file.

4946 Psiweapon the Carver (level 10, -3/67 HPs)
             Began as a Vampire Gladiator on Oct 12, 2016.
             Was a Believer of Makhleb.
             Slain by an orc warrior
             ... wielding a +0 trident
              (10 damage)
             ... on level 8 of the Dungeon.
             The game lasted 00:27:34 (9231 turns).

Psiweapon the Carver (Vampire Gladiator)            Turns: 9231, Time: 00:27:34

Health: -3/67      AC: 16    Str: 19    XL:     10   Next: 28%
Magic:  0/11       EV: 20    Int: 10    God:    Makhleb [**....]
Gold:   406        SH:  0    Dex: 19    Spells: 0 memorised, 9 levels left

rFire  . . .     SeeInvis +     a - +1 long sword
rCold  + . .     Gourm    .     N - +5 leather armour of Aregam {Str+5}
rNeg   + + .     Faith    .     (no shield)
rPois  +         Spirit   +     R - +2 hat {Spirit}
rElec  .         Dismiss  .     (no cloak)
rCorr  .         Reflect  .     (no gloves)
MR     +....     Harm     .     (no boots)
Stlth  ++........               (no amulet)
                                D - +6 ring of protection
                                y - +3 ring of slaying

@: regenerating slowly
A: fangs 3, see invisible, unbreathing
a: Bat Form, Minor Destruction, Renounce Religion


You were on level 8 of the Dungeon.
You worshipped Makhleb.
Makhleb was pleased with you.
You were near bloodless.

You visited 2 branches of the dungeon, and saw 10 of its levels.

You collected 406 gold pieces.

Inventory:

Hand Weapons
 a - a +1 long sword (weapon)
 b - a +0 dagger
 J - a +0 blowgun
Missiles
 d - 3 throwing nets (quivered)
 h - 169 stones
 r - 58 sling bullets
 s - 76 bolts
 u - 6 needles of sleeping
 x - 9 tomahawks
 H - 7 javelins
Armour
 c - a +1 helmet
 w - a +0 leather armour
 G - a -1 leather armour
 L - a +2 robe of positive energy
 N - the +5 leather armour of Aregam (worn) {Str+5}
   (You found it on level 7 of the Dungeon)

   It affects your strength (+5).
 R - a +2 hat of spirit shield (worn)
 T - a +0 pair of boots
 U - a +1 chain mail of cold resistance
Jewellery
 g - an uncursed ring of flight
 y - a +3 ring of slaying (left hand)
 D - a +6 ring of protection (right hand)
 P - an uncursed ring of ice
Wands
 K - a wand of flame (0/48)
 V - a wand of iceblast (9/15)
 X - a wand of lightning (7/15)
 Y - a wand of disintegration (10/24)
Scrolls
 i - 2 scrolls of fog
 l - 5 scrolls of random uselessness
 m - 2 scrolls of fear
 t - 3 scrolls of recharging
 z - a scroll of remove curse
 A - a scroll of summoning {unknown}
 C - 2 scrolls of magic mapping
 F - 2 scrolls of teleportation
 O - a scroll of noise {unknown}
 S - a scroll of vulnerability {unknown}
 W - a scroll of identify
Potions
 e - 14 potions of blood
 f - 3 potions of brilliance {unknown}
 j - a potion of haste {unknown}
 k - a potion of flight {unknown}
 n - 5 potions of berserk rage
 o - 3 potions of might {unknown}
 p - 5 potions of curing
 q - a potion of cure mutation {unknown}
 B - 3 potions of lignification
 I - 2 potions of heal wounds {unknown}
 M - 2 potions of mutation {unknown}
Books
 v - a book of Misfortune

   Spells                             Type                      Level
   a - Confusing Touch                Hexes                        1
   b - Confuse                        Hexes                        3
   c - Gell's Gravitas                Hexes/Translocation          3
   d - Petrify                        Transmutation/Earth          4
   e - Metabolic Englaciation         Hexes/Ice                    5
   f - Yara's Violent Unravelling     Hexes/Transmutation          5
 E - a book of Flames

   Spells                             Type                      Level
   a - Flame Tongue                   Conjuration/Fire             1
   b - Throw Flame                    Conjuration/Fire             2
   c - Conjure Flame                  Conjuration/Fire             3
   d - Inner Flame                    Hexes/Fire                   3
   e - Sticky Flame                   Conjuration/Fire             4
   f - Fireball                       Conjuration/Fire             5
 Q - a book of Clouds

   Spells                             Type                      Level
   a - Mephitic Cloud                 Conjuration/Poison/Air       3
   b - Conjure Flame                  Conjuration/Fire             3
   c - Poisonous Cloud                Conjuration/Poison/Air       6
   d - Freezing Cloud                 Conjuration/Ice/Air          6
   e - Ring of Flames                 Charms/Fire                  7


   Skills:
 - Level 2.0 Fighting
 - Level 11.3 Long Blades
 - Level 1.7 Throwing
 + Level 3.9 Armour
 - Level 10.0 Dodging
 + Level 2.3 Invocations


You had 9 spell levels left.
You didn't know any spells.

Dungeon Overview and Level Annotations

Branches:
Dungeon (9/15)             Temple (1/1) D:4            Lair (0/6) D:8
    Orc: D:9-12

Altars:
Ashenzari
Cheibriados
Dithmenos
Elyvilon
Fedhas
Gozag
Hepliaklqana
Kikubaaqudgha
Makhleb
Nemelex Xobeh
Qazlal
Ru
Sif Muna
Trog
Uskayaw
Vehumet
Xom
Yredelemnul
Zin
The Shining One

Shops:
D:2 *


Innate Abilities, Weirdness & Mutations

You heal slowly.
You have razor-sharp teeth.
You have supernaturally acute eyesight. (SInv)
You can survive without breathing.


Message History

The orc warrior completely misses you.
You hit the orc warrior.
The orc warrior is almost dead.
The orc warrior hits you with a trident.
* * * LOW HITPOINT WARNING * * *
You closely miss the orc warrior.
The orc warrior is almost dead.
You hit the orc warrior but do no damage.
The orc warrior is almost dead.
The orc warrior closely misses you.
You riposte.
You barely miss the orc warrior.
The orc warrior is almost dead.
You hit the orc warrior.
The orc warrior is almost dead.
The orc warrior hits you with a trident!!
* * * LOW HITPOINT WARNING * * *
You don't have enough magic at the moment.
It was a potion of curing.
You feel better.
The orc warrior hits you with a trident!
You die...

#.>..............###
#####...
#..................##
........
#................#..##
........
##########..)..###...##
........ #.....##.....##
........ #####...#.......#
........ .........#..P....#
........
######...)o...........ยง....
#....@)...............
#.......>.... ########
#............ ####.........
##.......# #....P..#
##.....## #...##


You could see an orc warrior.

Vanquished Creatures
  Gastronok (D:8)
  5 yaks
  2 wyverns
  Menkaure (D:4)
  2 wargs (D:8)
  A black bear (D:8)
  2 orc warriors
  A sky beast (D:8)
  An ice beast (D:8)
  2 phantoms (D:8)
  2 ogres
  A centaur (D:6)
  A bullfrog (D:6)
  A howler monkey (D:4)
  2 crimson imps
  4 hounds
  A centaur zombie (D:6)
  11 orc wizards
  4 orc priests
  3 iguanas
  2 worker ants (D:4)
  2 hound skeletons
  7 adders
  2 shadow imps
  An adder skeleton (D:5)
  4 worms
  A dart slug (D:4)
  3 leopard geckos
  25 orcs
  2 giant cockroaches
  6 goblins
  4 hobgoblins
  13 jackals
  4 kobolds
  6 quokkas
  2 ball pythons (D:1)
  A ball python skeleton (D:4)
  5 bats
  4 frilled lizards
  7 rats
149 creatures vanquished.

Vanquished Creatures (others)
  An adder (D:2)
  A quokka (D:2)
2 creatures vanquished.

Grand Total: 151 creatures vanquished

Notes
Turn   | Place    | Note
-------+----------+-------------------------------------------
     0 | D:1      | Psiweapon the Vampire Gladiator began the quest for the Orb.
     0 | D:1      | Reached XP level 1. HP: 16/16 MP: 1/1
   258 | D:1      | Found a sparkling altar of Nemelex Xobeh.
   272 | D:1      | Reached XP level 2. HP: 18/22 MP: 2/2
   589 | D:2      | Found an opulent altar of Gozag.
   591 | D:2      | Found Gozag's Platinum Reserve.
  1428 | D:2      | Found a white marble altar of Elyvilon.
  1731 | D:2      | Reached XP level 3. HP: 18/27 MP: 3/3
  2825 | D:3      | Reached skill level 4 in Long Blades
  2865 | D:3      | Found a stormy altar of Qazlal.
  2871 | D:3      | Found a basalt altar of Yredelemnul.
  2876 | D:3      | Found a sacrificial altar of Ru.
  2924 | D:3      | Found a white marble altar of Elyvilon.
  3123 | D:3      | Reached XP level 4. HP: 33/33 MP: 4/4
  3187 | D:4      | Found a staircase to the Ecumenical Temple.
  3204 | Temple   | Entered the Ecumenical Temple
  3275 | Temple   | Became a worshipper of Makhleb the Destroyer
  3365 | D:5      | Entered Level 5 of the Dungeon
  3476 | D:4      | Noticed Menkaure
  3498 | D:3      | Reached skill level 5 in Long Blades
  3498 | D:3      | Reached XP level 5. HP: 33/38 MP: 5/5
  4178 | D:5      | Reached XP level 6. HP: 41/44 MP: 6/6
  4303 | D:4      | Reached * piety under Makhleb
  4303 | D:4      | Reached skill level 6 in Long Blades
  4303 | D:4      | Reached skill level 5 in Dodging
  4567 | D:4      | Killed Menkaure
  4567 | D:4      | Reached XP level 7. HP: 7/50 MP: 7/7
  5060 | D:4      | Reached skill level 7 in Long Blades
  5301 | D:6      | Found an opulent altar of Gozag.
  5517 | D:5      | Reached skill level 8 in Long Blades
  5556 | D:5      | Reached XP level 8. HP: 39/56 MP: 8/8
  6093 | D:5      | Reached ** piety under Makhleb
  6779 | D:6      | Found an ancient bone altar of Kikubaaqudgha.
  7536 | D:7      | Got an encrusted leather armour
  7547 | D:7      | Identified the +5 leather armour of Aregam {Str+5} (You found it on level 7 of the Dungeon)
  7642 | D:7      | Reached skill level 9 in Long Blades
  7968 | D:7      | Learned a level 3 spell: Confuse
  7981 | D:8      | Noticed Gastronok
  8022 | D:8      | Killed Gastronok
  8022 | D:8      | Reached skill level 11 in Long Blades
  8022 | D:8      | Reached XP level 9. HP: 34/61 MP: 9/9
  8560 | D:7      | Reached skill level 1 in Armour
  8751 | D:7      | Reached XP level 10. HP: 59/67 MP: 7/10
  8804 | D:8      | Reached skill level 10 in Dodging
  8851 | D:8      | Reached skill level 1 in Invocations
  9155 | D:8      | Found a staircase to the Lair.
  9230 | D:8      | HP: 1/67 [orc warrior/trident (17)]
  9231 | D:8      | Slain by an orc warrior

Vault maps used:
D:1:      evilmike_arrival_run_for_it, nrook_uturn, grunt_decor_arrowhead,
          grunt_decor_clamped, nemelex_xobeh_ov_fountains_minmay
D:2:      nicolae_gozag_zags_fifth_avenue, elyvilon_altar_4
D:3:      old_standard_altar, minitemple, first_bread
D:4:      uniq_menkaure
D:6:      overflow_temple_1_default, basic_altar, amethyst_killhole,
          minmay_misc_feat_roman, minmay_misc_feat_square
D:7:      grunt_ogre_cave
D:8:      erik_lair_orcish_takeover, uniq_erica, uniq_gastronok, uniq_psyche
D:9:      nicolae_overflow_crystal_walls
Temple:   eino_temple_water

Skill      XL: |  1  2  3  4  5  6  7  8  9 10 |
---------------+-------------------------------+-----
Fighting       | 2 |  2.0
Long Blades    | 4 5 6 8 11 | 11.3
Dodging        | 4 5 6 9 10 | 10.0
Armour         | 2 3 |  3.9
Invocations    | 2 |  2.3
Throwing       | |  1.7

Action                   |  1- 3 |  4- 6 |  7- 9 | 10-12 || total
-------------------------+-------+-------+-------+-------++-------
Melee: Long sword        |   101 |    94 |   225 |    88 ||   508
       Bite              |    14 |    21 |    42 |    15 ||    92
       Dagger            |     2 |     7 |     6 |     1 ||    16
Throw: Throwing net      |       |       |     2 |       ||     2
Invok: Minor Destruction |       |       |       |     5 ||     5
Evoke: Wand              |       |       |     3 |       ||     3
  Use: Scroll            |       |     2 |    16 |     1 ||    19
       Potion            |       |     1 |     1 |     2 ||     4
 Stab: Sleeping          |     2 |     3 |     5 |       ||    10
       Held in net/web   |       |       |     3 |       ||     3
  Eat: Corpse            |     2 |     5 |     2 |       ||     9
Armor: Leather armour    |    19 |    20 |    66 |    20 ||   125
Dodge: Dodged            |    62 |    82 |   167 |    60 ||   371
       Rpst.: Long sword |    20 |    29 |    61 |    13 ||   123
